 Dungeon Crawl Stone Soup version 0.28-a0-556-gab23d0e057 (webtiles) character file.

Game seed: 2638973435878898528

420 Rennog the Skirmisher (level 7, -1/57 HPs)
             Began as a Formicid Fighter on Sept 28, 2021.
             Was a Plaything of Xom.
             Slain by a black bear (7 damage)
             ... on level 3 of the Dungeon.
             The game lasted 00:04:56 (4035 turns).

Rennog the Skirmisher (Formicid Fighter)            Turns: 4035, Time: 00:04:57

Health: -1/57      AC:  8    Str: 20    XL:     7   Next: 16%
Magic:  7/7        EV:  9    Int:  8    God:    Xom [...*..]
Gold:   94         SH:  5    Dex: 12    Spells: 6/6 levels left

rFire   . . .      SeeInvis +   a - +0 flail
rCold   . . .      Faith    .   c - +0 buckler
rNeg    . . .      Spirit   .   b - +0 scale mail
rPois   .          Reflect  .   (helmet unavailable)
rElec   .          Harm     .   (no cloak)
rCorr   .          Rampage  .   i - +0 pair of gloves
Will    .....                   (no boots)
Stlth   ..........              (no amulet)
HPRegen 0.19/turn               (no ring)
MPRegen 0.10/turn               (no ring)

@: no status effects
A: permanent stasis, dig shafts and tunnels, antennae 3, four strong arms
a: Dig, Shaft Self, Renounce Religion


You were on level 3 of the Dungeon.
You worshipped Xom.
You were a favourite toy of Xom.
You visited 1 branch of the dungeon, and saw 3 of its levels.

You collected 94 gold pieces.

Inventory:

Hand Weapons
 a - a +0 flail (weapon)
Missiles
 k - a throwing net
Armour
 b - a +0 scale mail (worn)
 c - a +0 buckler (worn)
 i - a +0 pair of gloves (worn)
Jewellery
 d - a ring of ice
Wands
 m - a wand of polymorph (8)
Scrolls
 g - 3 scrolls of identify {unknown}
 l - a scroll of noise {unknown}
 o - a scroll of immolation {unknown}
Potions
 e - a potion of invisibility {unknown}
 f - a potion of berserk rage {unknown}
 h - 2 potions of lignification {unknown}
 j - a potion of curing {unknown}
 n - a potion of flight {unknown}


   Skills:
 * Level 5.8 Fighting
 + Level 3.6 Maces & Flails
 + Level 4.7 Armour
 + Level 5.1 Shields


You had 6 spell levels left.
You didn't know any spells.
Your spell library was empty.

Dungeon Overview and Level Annotations

Branches:
Dungeon (3/15)

Altars:
Nemelex Xobeh
Xom
Yredelemnul

Shops:
D:1 *


Innate Abilities, Weirdness & Mutations

You cannot be hasted, slowed, berserked, paralysed or teleported.
You can dig through walls and to a lower floor.
You have a pair of large antennae on your head. (SInv)
Your four strong arms can wield two-handed weapons with a shield.


Message History

The black bear claws you but does no damage.
The black bear closely misses you.
You sock the black bear!
The black bear is almost dead.
The black bear goes berserk!
Xom thinks this is hilarious!
The black bear bites you. You block the black bear's attack.
The black bear claws you.
You barely miss the black bear.
The black bear is almost dead.
You block the black bear's attack. The black bear closely misses you.
The black bear claws you but does no damage.
You hit the black bear.
The black bear is almost dead.
You block the black bear's attack. The black bear claws you. x2
The black bear closely misses you. x2; The black bear claws you.
You are too injured to fight recklessly!
You are too injured to fight recklessly!
You are too injured to fight recklessly!
You are too injured to fight recklessly!
You are too injured to fight recklessly!
You are too injured to fight recklessly!
You are too injured to fight recklessly!
You are too injured to fight recklessly!
You are too injured to fight recklessly!
You are too injured to fight recklessly!
You are too injured to fight recklessly!
You are too injured to fight recklessly!
You are too injured to fight recklessly!
You are too injured to fight recklessly!
You barely miss the black bear.
The black bear is almost dead.
The black bear bites you!
* * * LOW HITPOINT WARNING * * *
The black bear claws you.
* * * LOW HITPOINT WARNING * * *
The black bear claws you.
* * * LOW HITPOINT WARNING * * *
The black bear bites you!
You die...

###.######.....#######......####.
....# #.....# #........... #####
###.### ####h..........
#.######............##
#..)................# ##
#..#####............## .# ###..#
####.......###. .#
###....#######............ .#
#.......<@h...#.รท....##... .#
#.#.##.##.###.##)##...#... .###
#.#.##.###)##.##.##....... ..)#
#.#.##.##.###.##.##.##.... ##.#
#.#<#.....)()....##.###... #.#
##.#.#.#..####..#.##..###..
##.####.........# #..#.##...####
....<...#.......# #.....#....#
.....##...##.#..# #.##..#....#


You could see a black bear (berserk).

Vanquished Creatures
  Sigmund (D:2)
  An orc wizard (D:3)
  A hound zombie (D:3)
  A hound skeleton (D:2)
  A howler monkey zombie (D:3)
  7 gnolls
  3 adders (D:2)
  6 dart slugs
  5 orcs (D:3)
  8 ball pythons
  2 endoplasms
  3 giant cockroaches
  8 goblins
  6 hobgoblins
  6 jackals
  5 kobolds
  A quokka (D:2)
  A ball python zombie (D:3)
  3 bats
  5 frilled lizards
  7 rats
81 creatures vanquished.

Vanquished Creatures (collateral kills)
  A gnoll (D:2)
1 creature vanquished.

Grand Total: 82 creatures vanquished

Notes
Turn   | Place    | Note
-------+----------+-------------------------------------------
     0 | D:1      | Rennog the Formicid Fighter began the quest for the Orb.
     0 | D:1      | Reached XP level 1. HP: 18/18 MP: 1/1
   132 | D:1      | Reached XP level 2. HP: 21/24 MP: 2/2
   213 | D:1      | Found Dilyuph's Assorted Antiques.
   437 | D:1      | Reached XP level 3. HP: 25/30 MP: 3/3
   771 | D:1      | Found a faded altar of an unknown god.
   836 | D:1      | Became a worshipper of Xom of Chaos
  1264 | D:2      | XOM: divination: detect items
  1291 | D:2      | XOM: noise
  1355 | D:2      | Reached XP level 4. HP: 31/37 MP: 4/4
  1460 | D:2      | Noticed Sigmund
  2064 | D:2      | Reached XP level 5. HP: 43/43 MP: 5/5
  2383 | D:2      | XOM: divination: detect items
  2431 | D:3      | XOM: silly message
  2569 | D:3      | Found a sparkling altar of Nemelex Xobeh.
  2980 | D:3      | Reached skill level 5 in Fighting
  2980 | D:3      | Reached XP level 6. HP: 40/51 MP: 6/6
  3164 | D:3      | Found a basalt altar of Yredelemnul.
  3208 | D:3      | XOM: silly message
  3429 | D:3      | XOM is BORED!
  3440 | D:3      | Noticed a black bear
  3476 | D:2      | XOM: summons friendly ufetubus
  3491 | D:2      | XOM: scenery: create altars
  3511 | D:2      | Killed Sigmund
  3512 | D:2      | Reached skill level 5 in Shields
  3512 | D:2      | Reached XP level 7. HP: 5/57 MP: 7/7
  3976 | D:2      | XOM: cloud trail
  4035 | D:3      | Slain by a black bear

Illustrated notes

Levels and vault maps discovered:
D:1:      onia_arrival_handbag, layout_basic, serial_shops, nicolae_shop_stone,
          chequers_ecumenical_altar_grove, kennysheep_decorative_pillar
D:2:      cheibrodos_helix_gallery, layout_basic, grunt_ministairs_2,
          uniq_sigmund
D:3:      layout_loops_ring, nicolae_yredelemnul_corpse_copse,
          nemelex_dance_club_becter, minivault_19

Skill      XL: |  1  2  3  4  5  6 |
---------------+-------------------+-----
Shields        | 4 5 |  5.1
Fighting       | 4 5 |  5.8
Armour         | 4 |  4.7
Maces & Flails | 3 |  3.6

Action                   |  1- 3 |  4- 6 |  7- 9 || total
-------------------------+-------+-------+-------++-------
Melee: Flail             |   106 |   167 |    11 ||   284
 Abil: Dig               |       |     5 |       ||     5
  Use: Potion            |       |     1 |       ||     1
Armor: Scale mail        |    61 |    79 |     4 ||   144
Dodge: Dodged            |    36 |    81 |    11 ||   128
Block: Buckler           |    21 |    34 |     4 ||    59

Table legend: (Time is in decaauts)
 A = Elapsed time spent in this place.
 B = Non-inter-level travel time spent in this place.
 C = Inter-level travel time spent in this place.
 D = Time resting spent in this place.
 E = Time spent auto-exploring this place.
 F = Levels seen in this place.
 G = Mean time per level.
                   A        B        C        D        E       F      G
               +--------+--------+--------+--------+--------+-----+--------+
         Total |   4114 |   3914 |    200 |    638 |   2523 |   3 | 1371.3 |
       Dungeon |   4114 |   3914 |    200 |    638 |   2523 |   3 | 1371.3 |
               +--------+--------+--------+--------+--------+-----+--------+

Top non-repeatable levels by time:
     D:2: 2058 daAuts
     D:1: 1259 daAuts
     D:3: 796 daAuts
